 Dungeon Crawl Stone Soup version 0.27-a0-562-g0d39f094a4 (webtiles) character file.

Game seed: 10306402108468131924

183 sahdkjhfkaj the Digger (level 5, 0/33 (38) HPs)
             Began as a Barachi Earth Elementalist on Mar 9, 2021.
             Slain by a wight
             ... wielding a +0 long sword
              (5 damage)
             ... on level 3 of the Dungeon.
             The game lasted 00:03:55 (3929 turns).

sahdkjhfkaj the Digger (Barachi Earth Elementalist) Turns: 3929, Time: 00:03:56

HP:   0/33 (38)     AC:  4    Str:  9    XL:     5   Next: 62%
MP:   5/8           EV: 12    Int: 16    God:
Gold: 220           SH:  0    Dex: 13    Spells: 2/8 levels left

rFire    . . .     SeeInvis .   i - +0 short sword
rCold    . . .     Faith    .   (no shield)
rNeg     . . .     Spirit   .   c - +0 robe
rPois    .         Reflect  .   q - +2 hat
rElec    .         Harm     .   (no cloak)
rCorr    .         Rampage  .   (no gloves)
Will     .....                  (no boots)
Stlth    ++........             (no amulet)
HPRegen  0.11/turn              (no ring)
MPRegen  0.11/turn              (no ring)

@: brilliant, heavily drained, slow
A: +LOS, amphibious, slowness 1, strong legs 1
a: Hop


You were on level 3 of the Dungeon.
You visited 1 branch of the dungeon, and saw 4 of its levels.

You collected 220 gold pieces.

Inventory:

Hand Weapons
 i - a +0 short sword (weapon)
Missiles
 b - 59 stones
Armour
 c - a +0 robe (worn)
 q - a +2 hat (worn)
Jewellery
 k - a ring of wizardry
 t - a ring of positive energy
Wands
 j - a wand of random effects (47)
Scrolls
 a - 2 scrolls of teleportation {unknown}
 e - 2 scrolls of identify {unknown}
 f - a scroll of enchant armour {unknown}
 h - 2 scrolls of fog {unknown}
 l - a scroll of magic mapping {unknown}
 m - 3 scrolls of enchant weapon {unknown}
 p - a scroll of amnesia {unknown}
 s - a scroll of noise {unknown}
Potions
 d - a potion of berserk rage {unknown}
 g - a potion of brilliance
 n - a potion of degeneration {unknown}
 o - 2 potions of curing {unknown}
 r - a potion of cancellation {unknown}
 u - a potion of heal wounds {unknown}


   Skills:
 - Level 2.0 Fighting
 - Level 1.0 Short Blades
 - Level 2.1 Dodging
 - Level 2.0 Stealth
 - Level 1.0 Shields
 - Level 2.1 Spellcasting
 - Level 1.1 Transmutations
 + Level 5.0 Earth Magic
 - Level 2.0 Evocations


You had 2 spell levels left.
You knew the following spells:

 Your Spells              Type           Power      Damage    Failure   Level
a - Sandblast             Erth           52%        2d12      2%          1
e - Lee's Rapid Deconstr  Erth           13%        3d10*     56%         5

Your spell library contained the following spells:

 Spells                   Type           Power      Damage    Failure   Level
 Passwall                 Tmut/Erth      14%        N/A       9%          2
 Stone Arrow              Conj/Erth      28%        3d8       22%         3
 Petrify                  Tmut/Erth      17%        N/A       50%         4


Dungeon Overview and Level Annotations

Branches:
Dungeon (4/15)
 Temple: D:4-7

Altars:
Makhleb

Annotations:
D:3 3 runed translucent doors, Aerich's ghost, amateur VSCj


Innate Abilities, Weirdness & Mutations

You can be seen from farther away. (+LOS)
You are amphibious.
You cover ground slowly.
You can hop short distances.


Message History

You climb downwards.
The wight hits you with a +0 great sword!
You feel drained.
The wight hits you with a +0 long sword!
You feel drained.
There is a stone staircase leading up, spattered with blood here.
The wight misses you. The wight barely misses you.
You climb upwards.
Level annotation: 3 runed translucent doors, Aerich's ghost, amateur VSCj
There is a stone staircase leading down, spattered with blood here.
The wight closely misses you. The wight misses you.
The wight hits you with a +0 great sword!
* * * LOW HITPOINT WARNING * * *
Casting: Sandblast (safe; 2% risk of failure)
Confirm with . or Enter, or press ? or * to list all spells.
Aiming: Sandblast (safe; 2% risk of failure)
Press: ? - help, Shift-Dir - straight line, f - wight
Aim: a wight, wielding a +0 great sword and wearing a +0 robe (21% to evade)
The blast of sand hits the wight but does no damage.
Casting: Sandblast (safe; 2% risk of failure)
Confirm with . or Enter, or press ? or * to list all spells.
Aiming: Sandblast (safe; 2% risk of failure)
Press: ? - help, Shift-Dir - straight line, f/p - wight
Aim: a wight, wielding a +0 great sword and wearing a +0 robe (21% to evade)
The blast of sand hits the wight!
The wight is heavily damaged.
The wight barely misses you.
Casting: Sandblast (safe; 2% risk of failure)
Confirm with . or Enter, or press ? or * to list all spells.
Aiming: Sandblast (safe; 2% risk of failure)
Press: ? - help, Shift-Dir - straight line, f/p - wight
Aim: a wight, wielding a +0 great sword and wearing a +0 robe (heavily damaged, 21% to evade)
The blast of sand misses the wight.
The blast of sand hits the wight.
The wight is heavily damaged.
Aerich's ghost lets out a mournful wail.
It was a potion of brilliance.
You feel clever all of a sudden.
The wight hits you with a +0 long sword.
You die...

####### ########.....##
##.....[..###..##
##.....##### ##...
###z...###!.... #...
#.z@..##........##..
####.##.##....###...#..
#.......#W...##.....#..
#..>....#Z...#.....##..
#####
#.......+...##.....#...
....#
#.......+...#?.=...#...
....#
#.......+...#?...#.##.#
....# #.......#...##.Z
#..#.# ....#
#.......#....# #..#.#


You could see 2 wights, Aerich's ghost and a worker ant simulacrum.

Vanquished Creatures
  A wight (D:3)
  8 adders
  2 worms (D:3)
  3 dart slugs (D:2)
  A leopard gecko (D:1)
  5 orcs
  4 goblins
  6 hobgoblins
  3 jackals (D:2)
  5 kobolds
  A quokka (D:3)
  10 bats
  4 frilled lizards
  3 rats
56 creatures vanquished.

Notes
Turn   | Place    | Note
-------+----------+-------------------------------------------
     0 | D:1      | sahdkjhfkaj the Barachi Earth Elementalist began the quest
                  | for the Orb.
     0 | D:1      | Reached XP level 1. HP: 13/13 MP: 3/3
   494 | D:1      | Reached XP level 2. HP: 19/19 MP: 1/5
   962 | D:2      | Reached skill level 4 in Earth Magic
  1009 | D:2      | Reached XP level 3. HP: 24/24 MP: 4/6
  1174 | D:2      | Reached skill level 1 in Fighting
  1524 | D:2      | Reached skill level 1 in Evocations
  1775 | D:2      | Reached XP level 4. HP: 15/32 MP: 7/7
  2660 | D:2      | Found a faded altar of an unknown god.
  2969 | D:3      | Found a runed translucent gate.
  2979 | D:3      | Found a runed translucent gate.
  2979 | D:3      | Found a runed translucent gate.
  2983 | D:3      | Reached XP level 5. HP: 37/37 MP: 5/8
  3032 | D:3      | Found a burning altar of Makhleb.
  3056 | D:3      | Reached skill level 5 in Earth Magic
  3283 | D:3      | Learned a level 5 spell: Lee's Rapid Deconstruction
  3548 | D:3      | Noticed Aerich's ghost (amateur VSCj)
  3622 | D:3      | Reached skill level 1 in Short Blades
  3622 | D:3      | Reached skill level 1 in Shields
  3929 | D:3      | Slain by a wight

Illustrated notes

Levels and vault maps discovered:
D:1:      dpeg_arrival_oval, layout_basic, chequers_serial_rivers_large_b,
          minmay_misc_feat_rows, glass_columns_b
D:2:      layout_loops_cross, chequers_ecumenical_altar_simple_redux,
          minmay_puff
D:3:      layout_rooms, gammafunk_ghost_icy, st_stairs_13,
          kennysheep_cross_room, bloody_makhleb
D:4:      layout_layer_cave, minivault_11, minmay_door_square, uniq_natasha,
          uniq_crazy_yiuf_cottage

Skill      XL: |  1  2  3  4  5 |
---------------+----------------+-----
Earth Magic    | 4 5 |  5.0
Stealth        | 2 |  2.0
Fighting       | 1 2 |  2.0
Evocations     | 2 |  2.0
Short Blades   | 1 |  1.0
Shields        | 1 |  1.0
Dodging        | |  2.1
Spellcasting   | |  2.1
Transmutations | |  1.1

Action                   |  1- 3 |  4- 6 || total
-------------------------+-------+-------++-------
Melee: Unarmed           |     3 |       ||     3
       Short sword       |    27 |    25 ||    52
 Cast: Sandblast         |    45 |    58 ||   103
 Abil: Hop               |     1 |     1 ||     2
  Use: Potion            |       |     1 ||     1
Armor: Robe              |     9 |     8 ||    17
Dodge: Dodged            |    49 |    36 ||    85

Table legend: (Time is in decaauts)
 A = Elapsed time spent in this place.
 B = Non-inter-level travel time spent in this place.
 C = Inter-level travel time spent in this place.
 D = Time resting spent in this place.
 E = Time spent auto-exploring this place.
 F = Levels seen in this place.
 G = Mean time per level.
                   A        B        C        D        E       F      G
               +--------+--------+--------+--------+--------+-----+--------+
         Total |   4326 |   4285 |     41 |    153 |   3563 |   4 | 1081.5 |
       Dungeon |   4326 |   4285 |     41 |    153 |   3563 |   4 | 1081.5 |
               +--------+--------+--------+--------+--------+-----+--------+

Top non-repeatable levels by time:
     D:2: 1682 daAuts
     D:1: 1419 daAuts
     D:3: 1198 daAuts
     D:4: 25 daAuts
